 Dungeon Crawl Stone Soup version 0.18.1-2-ga659475 (webtiles) character file.

228 lightmor the Firebug (level 5, -7/28 HPs)
             Began as a Deep Elf Fire Elementalist on May 8, 2016.
             Killed from afar by an orc wizard (10 damage)
             ... with a puff of flame
             ... on level 3 of the Dungeon.
             The game lasted 00:12:47 (3539 turns).

lightmor the Firebug (Deep Elf Fire Elementalist)   Turns: 3539, Time: 00:12:48

Health: -7/28      AC:  2    Str:  5    XL:     5   Next: 70%
Magic:  1/11       EV: 13    Int: 21    God:
Gold:   121        SH:  0    Dex: 15    Spells: 4 memorised, 1 level left

rFire  . . .     SeeInvis .     (no weapon)
rCold  . . .     Gourm    .     a - +0 robe
rNeg   . . .     Faith    .     (no shield)
rPois  .         Spirit   .     (no helmet)
rElec  .         Dismiss  .     (no cloak)
rCorr  .         Reflect  .     (no gloves)
SustAt .         Harm     .     (no boots)
MR     .....                    (no amulet)
Stlth  ++........               (no ring)
                                (no ring)

@: very slightly contaminated, not resistant to hostile enchantments, unstealthy
A: no striking features
a: no special abilities


You were on level 3 of the Dungeon.
You were not hungry.

You visited 1 branch of the dungeon, and saw 3 of its levels.

You collected 121 gold pieces.

Inventory:

Armour
 a - a +0 robe (worn)
 e - a +0 pair of gloves
Scrolls
 f - a scroll of teleportation {unknown}
 g - 2 scrolls of identify {unknown}
 j - a scroll of remove curse {unknown}
 o - a scroll of noise {unknown}
 p - a scroll of enchant armour {unknown}
 q - a scroll of enchant weapon {unknown}
Potions
 i - a potion of heal wounds {unknown}
 k - a potion of lignification {unknown}
 l - 2 potions of magic {unknown}
 n - a potion of cancellation {unknown}
 s - a potion of berserk rage {unknown}
Books
 b - a book of Flames

   Spells                             Type                      Level
   a - Flame Tongue                   Conjuration/Fire             1
   b - Throw Flame                    Conjuration/Fire             2
   c - Conjure Flame                  Conjuration/Fire             3
   d - Inner Flame                    Hexes/Fire                   3
   e - Sticky Flame                   Conjuration/Fire             4
   f - Fireball                       Conjuration/Fire             5
Comestibles
 c - 2 bread rations
 d - a meat ration
 r - a chunk of flesh


   Skills:
 + Level 0.0 Fighting
 + Level 2.4 Dodging
 - Level 2.4 Stealth
 + Level 3.0 Spellcasting
 + Level 4.9 Conjurations
 + Level 5.1 Fire Magic


You had one spell level left.
You knew the following spells:

 Your Spells              Type           Power        Failure   Level  Hunger
a - Flame Tongue          Conj/Fire      ###..        1%          1    None
b - Throw Flame           Conj/Fire      ###...       2%          2    ##.....
c - Conjure Flame         Conj/Fire      ###.....     6%          3    ###....
d - Inner Flame           Hex/Fire       ##......     17%         3    ###....


Dungeon Overview and Level Annotations

Branches:
Dungeon (3/15)

Altars:
Ashenzari
Kikubaaqudgha
Nemelex Xobeh

Annotations:
D:3 ThereIsNoGod's ghost, amateur DsGl


Message History

* * * LOW HITPOINT WARNING * * *
Drink which item? (? for menu, Esc to quit)
You feel better.
You hear some strange, mumbled words.
A puff of flame appears from out of thin air!
The puff of flame hits you!
* * * LOW HITPOINT WARNING * * *
Drink which item? (? for menu, Esc to quit)
Okay, then.
Read which item? (? for menu, Esc to quit)
Okay, then.
Read which item? (? for menu, Esc to quit)
As you read the scroll of fear, it crumbles to dust.
You assume a fearsome visage.
You hear some strange, mumbled words.
Things that are here:
a club; a hobgoblin corpse A puff of flame appears from out of thin air!
The puff of flame hits you!
You die...

### #### #### #.###..###
#.## #.)......###. #.##
#.###........ ####...
#.###@##.###.###......
#{#............#.##.## #.
#.#.#.............#...
#.##.#.#.##.##.##.#..#..#
#o#.>..................#..#
#.#.........#.##.##.#..#..#
#.#....#...##.##.##.#..#..#
##......#...............#<.#
.............#.##.##.#..#..#


There were no monsters in sight!

Vanquished Creatures
  An orc wizard (D:3)
  Robin (D:3)
  6 gnolls
  2 adders
  A worm (D:2)
  A dart slug (D:1)
  5 giant geckos
  8 orcs (D:3)
  5 giant cockroaches
  19 goblins
  8 hobgoblins
  3 jackals (D:2)
  9 kobolds
  2 quokkas (D:2)
  3 ball pythons
  7 bats
  A giant newt (D:2)
  8 rats
90 creatures vanquished.

Notes
Turn   | Place    | Note
--------------------------------------------------------------
     0 | D:1      | lightmor the Deep Elf Fire Elementalist began the quest for the Orb.
     0 | D:1      | Reached XP level 1. HP: 10/10 MP: 6/6
    97 | D:1      | Reached XP level 2. HP: 15/15 MP: 6/8
   101 | D:1      | Learned a level 2 spell: Throw Flame
   609 | D:1      | Reached XP level 3. HP: 19/19 MP: 7/9
   881 | D:2      | Learned a level 3 spell: Conjure Flame
  1188 | D:2      | Reached XP level 4. HP: 22/24 MP: 0/10
  1334 | D:2      | Reached skill level 4 in Fire Magic
  1432 | D:2      | Learned a level 3 spell: Inner Flame
  1631 | D:2      | Found a sparkling altar of Nemelex Xobeh.
  1632 | D:2      | Found an ancient bone altar of Kikubaaqudgha.
  1632 | D:2      | Found a shattered altar of Ashenzari.
  2469 | D:3      | Reached XP level 5. HP: 17/28 MP: 0/11
  2883 | D:3      | Noticed ThereIsNoGod's ghost (amateur DsGl)
  2944 | D:3      | Noticed Robin
  3013 | D:3      | Killed Robin
  3303 | D:3      | Reached skill level 5 in Fire Magic
  3531 | D:3      | HP: 1/28 [something/puff of flame (7)]
  3539 | D:3      | Killed from afar by an orc wizard

Skill      XL: |  1  2  3  4  5 |
---------------+----------------+-----
Conjurations   | 2 3 4 |  4.9
Fire Magic     | 4 5 |  5.1
Dodging        | |  2.4
Stealth        | |  2.4
Spellcasting   | |  3.0

Action                   |  1- 3 |  4- 6 || total
-------------------------+-------+-------++-------
Melee: Unarmed           |     1 |       ||     1
 Cast: Flame Tongue      |    69 |    90 ||   159
       Conjure Flame     |     1 |     3 ||     4
       Throw Flame       |       |     8 ||     8
  Use: Scroll            |       |     4 ||     4
       Potion            |       |     2 ||     2
  Eat: Chunk             |     1 |     7 ||     8
Armor: Robe              |     5 |     5 ||    10
Dodge: Dodged            |    17 |    15 ||    32
